 Dungeon Crawl Stone Soup version 0.29.1-13-g9f3cf754e1 (webtiles) character file.

Game seed: 8463436858972995290

2023 octoduck the Cleaver (level 9, -1/70 HPs)
             Began as a Minotaur Fighter on Feb 6, 2023.
             Was a Believer of Cheibriados.
             Slain by an ogre
             ... wielding a +0 giant club
              (21 damage)
             ... on level 6 of the Dungeon.
             The game lasted 00:20:26 (7289 turns).

octoduck the Cleaver (Minotaur Fighter)             Turns: 7289, Time: 00:20:27

Health: -1/70      AC:  9    Str: 26    XL:     9   Next: 3%
Magic:  10/10      EV: 10    Int:  9    God:    Cheibriados [**....]
Gold:   229        SH:  5    Dex: 17    Spells: 8/8 levels left

rFire   . . .      SeeInvis .   a - +0 war axe
rCold   . . .      Faith    .   c - +0 buckler
rNeg    . . .      Spirit   .   p - +3 ring mail
rPois   .          Reflect  .   (helmet restricted)
rElec   .          Harm     .   t - +0 cloak
rCorr   +          Rampage  .   (no gloves)
Will    .....                   (no boots)
Stlth   +.........              (no amulet)
HPRegen 0.21/turn               o - ring of resist corrosion
MPRegen 0.12/turn               (no ring)

@: very slow
A: horns 2, retaliatory headbutt
a: Renounce Religion, Bend Time


You were on level 6 of the Dungeon.
You worshipped Cheibriados.
Cheibriados was pleased with you.
You visited 2 branches of the dungeon, and saw 7 of its levels.

You collected 319 gold pieces.
You spent 90 gold pieces at shops.

Inventory:

Hand Weapons
 a - a +0 war axe (weapon)
 q - a +0 sling
Missiles
 m - 2 boomerangs (quivered)
 r - 6 poisoned darts
 y - a curare-tipped dart
Armour
 c - a +0 buckler (worn)
 p - a +3 ring mail (worn)
 s - an orb of wrath
 t - a +0 cloak (worn)
 w - the +1 ring mail of the Spider Nest {rN++ Will- Str+6}
   (You found it on level 6 of the Dungeon)

   Str:       It affects your strength (+6).
   rN:        It greatly protects you from negative energy.
   Will:      It decreases your willpower.
Jewellery
 o - a ring of resist corrosion (left hand)
Wands
 f - a wand of iceblast (4)
 v - a wand of charming (4)
Scrolls
 b - a scroll of magic mapping {unknown}
 g - 4 scrolls of amnesia
 u - 2 scrolls of teleportation
Potions
 d - 2 potions of mutation {unknown}
 e - a potion of brilliance {unknown}
 h - a potion of resistance
 i - 2 potions of curing
 j - a potion of flight {unknown}
 k - a potion of magic
 l - a potion of ambrosia {unknown}
 n - a potion of cancellation {unknown}
 x - a potion of attraction {unknown}


   Skills:
 - Level 3.6 Fighting
 * Level 13.6 Axes
 - Level 3.6 Armour
 - Level 3.6 Shields
 + Level 2.8 Invocations


You had 8 spell levels left.
You didn't know any spells.
Your spell library contained the following spells:

 Spells                   Type           Power      Damage    Failure   Level
 Sandblast                Erth           0%         2d4       61%         1
 Summon Small Mammal      Summ           0%         N/A       61%         1
 Passwall                 Tmut/Erth      0%         N/A       75%         2
 Call Canine Familiar     Summ           0%         N/A       93%         3
 Stone Arrow              Conj/Erth      0%         3d7       93%         3
 Summon Guardian Golem    Hex/Summ       0%         N/A       93%         3


Dungeon Overview and Level Annotations

Branches:
Dungeon (6/15)             Temple (1/1) D:4

Altars:
Ashenzari
Cheibriados
Dithmenos
Fedhas
Gozag
Kikubaaqudgha
Makhleb
Okawaru
Ru
Sif Muna
Trog
Vehumet
Wu Jian
Xom
Zin
The Shining One

Shops:
D:2 !

Annotations:
D:3 exclusions: upstairs and 2 more exclusions, Grinder
D:5 Menkaure


Innate Abilities, Weirdness & Mutations

You have a pair of horns on your head.
You reflexively headbutt those who attack you in melee.


Message History

You start resting.
Magic restored.
You start resting.
A sky beast, an orc wizard, a bullfrog and an ogre come into view.
You open the door.
The orc wizard shouts!
The bullfrog croaks.
The ogre shouts!
The gnoll shouts!
You hear a shout! x2
The orc wizard gestures wildly while chanting.
The orc wizard flickers and vanishes!
Deactivating autopickup; reactivate with Ctrl-A.
There is an open door, spattered with blood here.
The gnoll attacks as you move away! The gnoll barely misses you.
You see here a +0 dagger.
The gnoll barely misses you. You furiously retaliate!
You headbutt the gnoll.
Items here: ))) †††.
You see here a hound corpse.
The gnoll attacks as you move away! The gnoll hits you with a +0 flail!
You block the gnoll's attack.
You closely miss the gnoll.
The gnoll is lightly wounded.
You hit the gnoll. You headbutt the gnoll.
The gnoll is moderately wounded.
The gnoll closely misses you.
You hit the gnoll. You headbutt the gnoll.
You kill the gnoll!
Cheibriados appreciates the change of pace.
You hit the ogre.
The ogre is lightly wounded.
The ogre barely misses you. You furiously retaliate!
You headbutt the ogre.
A scorpion comes into view.
You barely miss the ogre.
The ogre is moderately wounded.
You slash the ogre!
The ogre is heavily wounded.
The ogre hits you with a +0 giant club!!
* * * LOW HITPOINT WARNING * * *
You hit the ogre. You headbutt the ogre.
The ogre is severely wounded.
The ogre hits you with a +0 giant club!!
You die...

.##.#.##.####.###.#{Y #..........
.........####.....##F##...######.
...............#### O#....#### #.
.##.).........## .#####...# #.
.##.#.#..####.# #'.$.##..# #.
.##.#.#..# ##.# #[....#..# #.
......#..###..## ###.).$.#.####.
.##.#......#...####{s.....#....+.
....#.#..###....@OFY##...##...##.
.####.#..####.#####..#####..#.##.
(####.#.......................##.
.........###..#######.#.#..##.###
......######..# #.#.#..##.#
.#####........# #.#.#..##.#
.#####.#####.## #.#.#..##.#
.......# #.# #......##.#
.####..#####.########...#.###.#


You could see a sky beast, an ogre, a bullfrog and a scorpion.

Vanquished Creatures
  Sigmund (D:2)
  Edmund (D:5)
  A sky beast (D:6)
  An orc warrior (D:6)
  4 ogres
  A centaur (D:6)
  A kobold brigand (D:6)
  2 scorpions
  2 necrophages
  A howler monkey (D:6)
  A jelly (D:4)
  2 orc priests
  7 hounds
  5 iguanas
  Ijyb (D:3)
  4 orc wizards
  5 gnolls
  9 adders
  2 white imps (D:6)
  An ufetubus (D:5)
  3 worms
  2 dart slugs
  14 orcs
  7 ball pythons
  6 bats
  4 endoplasms
  3 giant cockroaches
  5 goblins
  7 hobgoblins
  7 jackals
  4 quokkas
  3 frilled lizards
  3 kobolds
  4 rats
124 creatures vanquished.

Vanquished Creatures (others)
  7 fungi (D:5)
  4 plants (D:5)
11 creatures vanquished.

Grand Total: 135 creatures vanquished

Notes
Turn   | Place    | Note
-------+----------+-------------------------------------------
     0 | D:1      | octoduck the Minotaur Fighter began the quest for the Orb.
     0 | D:1      | Reached XP level 1. HP: 19/19 MP: 0/0
   168 | D:1      | Reached skill level 3 in Axes
   256 | D:1      | Found a faded altar of an unknown god.
   306 | D:1      | Reached XP level 2. HP: 26/26 MP: 1/1
   510 | D:1      | Reached skill level 4 in Axes
   864 | D:1      | Reached XP level 3. HP: 31/31 MP: 2/2
  1269 | D:2      | Found Quil's Distillery.
  1276 | D:2      | Noticed Sigmund
  1309 | D:2      | Killed Sigmund
  1310 | D:2      | Reached skill level 7 in Axes
  1310 | D:2      | Reached XP level 4. HP: 37/39 MP: 3/3
  1310 | D:2      | Reached XP level 5. HP: 43/45 MP: 4/4
  1771 | D:3      | Noticed Ijyb
  1790 | D:3      | Killed Ijyb
  1934 | D:3      | Noticed Grinder
  2338 | D:3      | Reached XP level 6. HP: 51/51 MP: 5/5
  2777 | D:3      | Paralysed by Grinder for 5 turns
  2817 | D:3      | Paralysed by Grinder for 3 turns
  3085 | D:4      | Found Zin's Purification Station.
  3087 | D:4      | Found a glowing silver altar of Zin.
  3087 | D:4      | Found a staircase to the Ecumenical Temple.
  3115 | Temple   | Entered the Ecumenical Temple
  3158 | Temple   | Became a worshipper of Cheibriados the Contemplative
  3199 | D:4      | Reached skill level 8 in Axes
  3484 | D:4      | Bought a potion of curing for 90 gold pieces
  3949 | D:4      | Found a radiant altar of Vehumet.
  4164 | D:4      | Reached skill level 9 in Axes
  4172 | D:4      | Reached XP level 7. HP: 51/57 MP: 6/6
  4371 | D:4      | Reached * piety under Cheibriados
  4415 | D:5      | Entered Level 5 of the Dungeon
  4828 | D:5      | Reached skill level 10 in Axes
  4910 | D:5      | Noticed Menkaure
  5259 | D:5      | Noticed Edmund
  5286 | D:5      | Killed Edmund
  5287 | D:5      | Reached skill level 11 in Axes
  5645 | D:5      | Found a blossoming altar of Fedhas.
  5658 | D:5      | Reached XP level 8. HP: 64/64 MP: 7/7
  6557 | D:6      | Reached skill level 12 in Axes
  6685 | D:6      | Reached skill level 1 in Invocations
  6859 | D:6      | Identified the +1 ring mail of the Spider Nest {rN++ Will-
                  | Str+6}
  7044 | D:6      | Reached skill level 13 in Axes
  7199 | D:6      | Reached ** piety under Cheibriados
  7215 | D:6      | Reached XP level 9. HP: 31/70 MP: 8/10
  7289 | D:6      | Slain by an ogre

Illustrated notes

Levels and vault maps discovered:
D:1:      dpeg_arrival_circle_labyrinth_a, layout_loops_corners,
          ebering_ecumenical_altar_box
D:2:      layout_rooms, serial_shops, shop, uniq_sigmund
D:3:      layout_loops_ring, nicolae_figureground_pulse, uniq_natasha,
          uniq_grinder, uniq_ijyb
D:4:      layout_loops_ring, mainiacjoe_overflow_alcove_1, zin_purify,
          minmay_temple_entry_offerings
D:5:      layout_basic, fedhas_altar_3, uniq_menkaure, uniq_edmund
D:6:      layout_basic, minmay_joined_circles
Temple:   nicolae_temple_ecumenical_triangle

Skill      XL: |  1  2  3  4  5  6  7  8 |
---------------+-------------------------+-----
Axes           | 3 4 7 9 11 13 | 13.6
Invocations    | 2 |  2.8
Fighting       | |  3.6
Armour         | |  3.6
Shields        | |  3.6

Action                   |  1- 3 |  4- 6 |  7- 9 || total
-------------------------+-------+-------+-------++-------
Melee: War axe           |    71 |   129 |   140 ||   340
       Headbutt          |    11 |    25 |    30 ||    66
Throw: Dart              |       |       |     1 ||     1
Evoke: Wand              |       |       |     4 ||     4
  Use: Scroll            |     3 |     6 |     2 ||    11
       Potion            |     2 |     1 |       ||     3
Armor: Scale mail        |    26 |    29 |     2 ||    57
       Ring mail         |       |       |    35 ||    35
Dodge: Dodged            |    32 |    54 |    57 ||   143
Block: Buckler           |    18 |    23 |    27 ||    68
